 Dungeon Crawl Stone Soup version 0.17-a0-2127-g1cb09f6 (webtiles) character file.

256 tp1 the Conjurer (level 5, 0/28 HPs)
             Began as a Deep Elf Conjurer on Oct 22, 2015.
             Slain by a hound (2 damage)
             ... on level 3 of the Dungeon.
             The game lasted 00:26:48 (5027 turns).

tp1 the Conjurer (Deep Elf Conjurer)                Turns: 5027, Time: 00:26:48

Health: 0/28       AC:  5    Str:  5    XL:     5   Next: 92%
Magic:  6/14       EV:  4    Int: 21    God:
Gold:   98         SH:  4    Dex: 15    Spells: 4 memorised, 3 levels left

rFire  . . .     SeeInvis .     l - +1 dagger
rCold  . . .     Clarity  .     w - quicksilver dragon hide
rNeg   . . .     SustAt   .     e - +0 buckler
rPois  .         Gourm    .     u - +0 helmet
rElec  .         Spirit   .     (no cloak)
rCorr  .         Warding  .     (no gloves)
rMut   .         Stasis   .     (no boots)
MR     +....                    (no amulet)
Stlth  +.........               (no ring)
                                (no ring)

@: very slightly contaminated, starving, somewhat resistant to hostile
enchantments, very unstealthy
A: no striking features
a: no special abilities


You were on level 3 of the Dungeon.
You were starving.

You visited 1 branch of the dungeon, and saw 4 of its levels.

You collected 98 gold pieces.

Inventory:

Hand Weapons
 l - a +1 dagger (weapon)
Armour
 a - a +0 robe
 e - a +0 buckler (worn)
 o - a +0 leather armour
 u - a +0 helmet (worn)
 v - a +0 leather armour
 w - a quicksilver dragon hide (worn)
Scrolls
 d - 2 scrolls of teleportation
 h - a scroll of remove curse
 j - a scroll of identify
 n - a scroll of amnesia
 q - a scroll of immolation
Potions
 f - 2 potions of resistance
 g - 2 potions of invisibility {unknown}
 k - 2 potions of cancellation {unknown}
 m - a potion of brilliance {unknown}
 r - a potion of poison {unknown}
 t - 2 potions of curing {unknown}
Books
 b - a book of Conjurations

   Spells                             Type                      Level
   a - Magic Dart                     Conjuration                  1
   b - Searing Ray                    Conjuration                  2
   c - Dazzling Spray                 Conjuration/Hexes            3
   d - Fulminant Prism                Conjuration/Hexes            4
   e - Iskenderun's Mystic Blast      Conjuration                  4
   f - Iskenderun's Battlesphere      Conjuration/Charms           5
Comestibles
 c - 5 bread rations
 i - 3 meat rations


   Skills:
 - Level 3.0 Dodging
 - Level 2.4 Stealth
 - Level 1.0 Shields
 - Level 5.0 Spellcasting
 + Level 6.7 Conjurations


You had 3 spell levels left.
You knew the following spells:

 Your Spells              Type           Power        Failure   Level  Hunger
a - Magic Dart            Conj           ####         8%          1    None
b - Searing Ray           Conj           ####..       10%         2    None
c - Dazzling Spray        Conj/Hex       ###.....     63%         3    ##.....
d - Iskenderun's Battles  Conj/Chrm      ###.....     100%        5    #####..


Dungeon Overview and Level Annotations

Branches:
Dungeon (4/15)
 Temple: D:4-7

Altars:
Ashenzari

Annotations:
D:2 Sigmund


Message History

The hound barely misses you. The hound bites you but does no damage.
You block the adder's attack. The hound bites you but does no damage.
The hound bites you. x2
The adder bites you.
* * * LOW HITPOINT WARNING * * *
You climb upwards.
There is a stone staircase leading down here.
Unknown command.
The hound bites you but does no damage. The hound bites you.
* * * LOW HITPOINT WARNING * * *
You block the hound's attack.
You are starving!
The hound bites you.
* * * LOW HITPOINT WARNING * * *
The hound bites you but does no damage. You block the hound's attack.
The hound closely misses you. The hound barely misses you. x2
There is a stone staircase leading up here.
You block the hound's attack. The hound bites you.
You die...

.# #......#
###.........# .#
#......# #.........#
.# ########
#####.........# .#
######...##....#####
## #......#.##.#..#
#.#....#....#..#
#.#(#.####....>#
#.#.h....#.###.#
#.#@hS.#)#...#S#
#.##...#.###.#h#
#....[.......#.#
#####.######...#
#.....##.###
#####.##.# #....#
######


You could see 2 hounds and an adder.

Vanquished Creatures
  2 orc wizards (D:3)
  Terence (D:2)
  A worker ant (D:4)
  Robin (D:3)
  2 adders
  4 worms (D:3)
  A giant gecko (D:1)
  11 orcs
  4 bats
  2 giant cockroaches
  14 goblins
  14 hobgoblins
  A quokka (D:2)
  6 giant newts
  7 jackals
  6 kobolds
  8 rats
85 creatures vanquished.

Vanquished Creatures (others)
  An orc wizard (D:3)
1 creature vanquished.

Grand Total: 86 creatures vanquished

Notes
Turn   | Place    | Note
--------------------------------------------------------------
     0 | D:1      | tp1 the Deep Elf Conjurer began the quest for the Orb.
     0 | D:1      | Reached XP level 1. HP: 10/10 MP: 6/6
   218 | D:1      | Found a shattered altar of Ashenzari.
   222 | D:1      | Reached XP level 2. HP: 15/15 MP: 2/8
   951 | D:1      | Found a shattered altar of Ashenzari.
  1491 | D:2      | Noticed Terence
  1498 | D:2      | Learned a level 2 spell: Searing Ray
  1596 | D:2      | Reached XP level 3. HP: 15/19 MP: 6/10
  1601 | D:2      | Learned a level 3 spell: Dazzling Spray
  1695 | D:2      | Reached skill level 5 in Conjurations
  1890 | D:2      | Noticed Sigmund
  2402 | D:3      | Reached XP level 4. HP: 24/24 MP: 0/12
  2644 | D:3      | Noticed Robin
  2650 | D:3      | Killed Robin
  2673 | D:3      | Reached skill level 1 in Shields
  2694 | D:3      | Reached skill level 5 in Spellcasting
  3827 | D:3      | Reached XP level 5. HP: 28/28 MP: 8/14
  3937 | D:2      | Learned a level 5 spell: Iskenderun's Battlesphere
  3965 | D:2      | Killed Terence
  3965 | D:2      | Reached skill level 6 in Conjurations
  4910 | D:4      | Noticed an ogre
  5011 | D:4      | Noticed an ogre
  5018 | D:3      | HP: 1/28 [hound (5)]
  5027 | D:3      | Slain by a hound

Vault maps used:
D:1:      evilmike_arrival_rings, evilmike_ruin_ashenzari
D:2:      uniq_sigmund, uniq_terence
D:3:      uniq_robin
D:4:      portal_sewer_entry_c, first_bread, kennysheep_generic_room_12

Action                   |  1- 3 |  4- 6 || total
-------------------------+-------+-------++-------
Melee: Unarmed           |    10 |       ||    10
       Dagger            |     2 |    54 ||    56
 Cast: Magic Dart        |    98 |    75 ||   173
       Searing Ray       |     3 |    22 ||    25
  Use: Scroll            |     4 |     6 ||    10
       Potion            |       |     2 ||     2
  Eat: Chunk             |     4 |     7 ||    11
